 Dungeon Crawl Stone Soup version 0.26-a0-712-ga5a9c9c9d0 (webtiles) character file.

Game seed: 3968538836184585606

2083 gbos the Geomancer (level 9, -2/54 HPs)
             Began as a Gargoyle Earth Elementalist on Nov 11, 2020.
             Was a Follower of Hepliaklqana.
             Slain by a raiju (3 damage)
             ... on level 1 of the Abyss.
             The game lasted 00:11:29 (8056 turns).

gbos the Geomancer (Gargoyle Earth Elementalist)    Turns: 8056, Time: 00:11:29

Health: -2/54      AC: 20    Str: 12    XL:     9   Next: 27%
Magic:  12/12      EV: 10    Int: 19    God:    Hepliaklqana [*.....]
Gold:   370        SH:  0    Dex: 10    Spells: 6/12 levels left

rFire    . . .     SeeInvis .   s - +1 spear (distort)
rCold    . . .     Faith    .   (no shield)
rNeg     + . .     Spirit   .   r - +0 ring mail
rPois    ∞         Reflect  .   w - +1 helmet
rElec    +         Harm     .   A - +1 cloak
rCorr    +         Rampage  .   (no gloves)
MR       .....                  k - +1 pair of boots
Stlth    +.........             c - amulet of magic regeneration
HPRegen  0.18/turn              (no ring)
MPRegen  0.38/turn              o - ring of resist corrosion

@: no status effects
A: reduced essence, yellow scales 1, blurry vision 1, negative energy resistance
1, electricity resistance, unbreathing, petrification resistance, rot immunity,
AC +6
a: Recall Ancestor, Ancestor Identity, Renounce Religion


You were on level 1 of the Abyss.
You worshipped Hepliaklqana.
Hepliaklqana was aware of your devotion.
You visited 2 branches of the dungeon, and saw 8 of its levels.
You visited the Abyss 1 time.

You collected 370 gold pieces.


Innate Abilities, Weirdness & Mutations

You are resistant to torment.
Your stone body is resilient. (AC +6)
You are immune to poison.
You resist negative energy. (rN+)
You are resistant to electric shocks. (rElec)
You can survive without breathing.
You are immune to petrification.
You are immune to rotting.
Your life essence is reduced to manifest your ancestor. (-10% HP)
You are partially covered in yellow scales. (AC +2)
Scrolls take you a little longer to read.


   Skills:
 + Level 8.6 Fighting
 - Level 4.0 Armour
 - Level 1.5 Dodging
 - Level 2.1 Stealth
 - Level 2.0 Spellcasting
 - Level 0.7 Transmutations
 + Level 10.1 Earth Magic


You had 6 spell levels left.
You knew the following spells:

 Your Spells              Type           Power        Failure   Level
x - Stone Arrow           Conj/Erth      ###...       13%         3
z - Sandblast             Erth           #####.       1%          1
N - Passwall              Tmut/Erth      ###.....     6%          2

Your spell library contained the following spells:

 Spells                   Type           Power        Failure   Level
 Lee's Rapid Deconstruct  Erth           #####.....   16%         5
 Petrify                  Tmut/Erth      ###.....     36%         4

Inventory:

Hand Weapons
 a - a +0 short sword
 i - a +2 hand axe of venom
 s - a +1 spear of distortion (weapon)
Missiles
 b - 174 stones (quivered)
 m - 18 poisoned darts
 x - 3 curare-tipped darts {=f}
Armour
 k - a +1 pair of boots (worn)
 r - a +0 ring mail (worn)
 w - a +1 helmet (worn)
 A - a +1 cloak (worn)
Jewellery
 c - an amulet of magic regeneration (around neck)
 o - a ring of resist corrosion (right hand)
 z - an uncursed amulet of inaccuracy
Wands
 j - a wand of flame (8)
 n - a wand of acid (9)
Scrolls
 d - 5 scrolls of remove curse
 e - 6 scrolls of identify {@r1}
 f - a scroll of immolation {!r}
 g - a scroll of magic mapping
 l - 2 scrolls of teleportation {@r4}
 t - 2 scrolls of enchant armour
 y - a scroll of silence {!r}
Potions
 h - 2 potions of degeneration {!q}
 q - a potion of haste {@q3}
 v - 3 potions of stabbing

Dungeon Overview and Level Annotations

Branches:
Dungeon (7/15)             Temple (1/1) D:7

Altars:
Ashenzari
Cheibriados
Dithmenos
Elyvilon
Fedhas
Gozag
Hepliaklqana
Kikubaaqudgha
Makhleb
Nemelex Xobeh
Okawaru
Qazlal
Ru
Sif Muna
Trog
Uskayaw
Vehumet
Wu Jian
Xom
Yredelemnul
Zin
The Shining One

Annotations:
Abyss:1 Duvessa

▒ . ▒▒
.▒▒
..▒▒▒▒▒
▒▒▒▒h...▒
▒..8h.▒
#.▒
▒▒▒h▒..▒
▒.▒.▒▒▒
▒▒ ▒▒


You could see 3 raiju.


Message History

The raiju completely resists.
The living lightning hits the raiju.
The raiju completely resists.
The living lightning misses you.
The raiju blinks!
The raiju blinks!
The raiju blinks!
Okay, then.
The raiju bursts into living lightning!
The living lightning misses you. The living lightning hits you. You resist.
* * * LOW HITPOINT WARNING * * *
The raiju blinks!
The raiju closely misses you.
Your ring mail prevents you from hitting the raiju.
The raiju bites you but does no damage. The raiju barely misses you.
The raiju bites you but does no damage. The raiju bites you but does no damage.
You hit the raiju.
Space bends around the raiju.
The raiju is moderately wounded.
The raiju bites you but does no damage. The raiju bites you but does no damage.
The raiju bites you.
* * * LOW HITPOINT WARNING * * *
The raiju shocks you. You resist.
You die...

Action                   |  1- 3 |  4- 6 |  7- 9 || total
-------------------------+-------+-------+-------++-------
Melee: Short sword       |    42 |       |       ||    42
       Unarmed           |     8 |       |       ||     8
       Hand axe          |    15 |   142 |   189 ||   346
       Spear             |       |       |   184 ||   184
 Cast: Sandblast         |     8 |       |       ||     8
Invok: Recall Ancestor   |       |       |     4 ||     4
       Ancestor Identity |       |       |     3 ||     3
  Use: Potion            |       |       |    10 ||    10
       Scroll            |       |       |     9 ||     9
 Stab: Sleeping          |     2 |     3 |     1 ||     6
       Invisible         |       |       |     2 ||     2
       Distracted        |       |       |     1 ||     1
Armor: Robe              |    19 |    27 |       ||    46
       Ring mail         |       |    37 |   262 ||   299
       Skin              |       |       |     6 ||     6
Dodge: Dodged            |    35 |    95 |   207 ||   337

Levels and vault maps discovered:
D:1:      tarquinn_simple_flora_water_b, layout_basic, roderic_malta_cross,
          grunt_decor_one_mirror
D:2:      layout_loops_ring, uniq_jessica, uniq_sigmund
D:3:      layout_loops_ring
D:4:      minmay_recursive_quarters, layout_layer_cave, vehumet_crystals,
          kennysheep_mini_moat, nemelex_dance_club_becter, uniq_ijyb
D:5:      layout_basic, uniq_duvessa
D:6:      layout_loops_cross, wad_floor_pattern_untrapped
D:7:      layout_rooms, minmay_temple_entry_fiery
Temple:   regret_index_temple_chain_breaker
Abyss:1:  base:
D:3

Notes
Turn   | Place    | Note
-------+----------+-------------------------------------------
     0 | D:1      | gbos the Gargoyle Earth Elementalist began the quest for
                  | the Orb.
     0 | D:1      | Reached XP level 1. HP: 10/10 MP: 3/3
    97 | D:1      | Reached skill level 1 in Fighting
   181 | D:1      | Reached skill level 4 in Earth Magic
   181 | D:1      | Reached XP level 2. HP: 12/16 MP: 3/5
  1414 | D:2      | Noticed Sigmund
  1446 | D:2      | Killed Sigmund
  1446 | D:2      | Reached skill level 3 in Fighting
  1446 | D:2      | Reached skill level 5 in Earth Magic
  1446 | D:2      | Reached XP level 3. HP: 13/24 MP: 6/6
  1446 | D:2      | Reached XP level 4. HP: 15/29 MP: 7/7
  1446 | D:2      | Reached XP level 5. HP: 17/33 MP: 8/8
  1456 | D:2      | Noticed Jessica
  1797 | D:2      | Reached skill level 4 in Fighting
  2206 | D:2      | Reached skill level 6 in Earth Magic
  2224 | D:2      | Killed Jessica
  2224 | D:2      | Reached XP level 6. HP: 37/38 MP: 9/9
  2642 | D:2      | Learned a level 2 spell: Passwall
  2646 | D:2      | Learned a level 3 spell: Stone Arrow
  3012 | D:3      | Reached skill level 1 in Armour
  3078 | D:6      | Reached skill level 5 in Fighting
  3079 | D:6      | Reached skill level 2 in Armour
  3079 | D:6      | Reached XP level 7. HP: 20/44 MP: 10/10
  3347 | D:7      | Reached skill level 7 in Earth Magic
  3443 | D:7      | Gained mutation: Scrolls take you a little longer to read.
                  | [potion of mutation]
  3443 | D:7      | Gained mutation: You are partially covered in yellow
                  | scales. (AC +2) [potion of mutation]
  3449 | D:7      | Reached skill level 3 in Armour
  3741 | D:7      | Found a staircase to the Ecumenical Temple.
  3747 | Temple   | Entered the Ecumenical Temple
  3883 | Temple   | Became a worshipper of Ru the Awakened
  4202 | D:5      | Entered Level 5 of the Dungeon
  4368 | D:4      | Noticed Ijyb
  4374 | D:4      | HP: 6/45 [disintegration (13)]
  4996 | D:4      | Reached skill level 6 in Fighting
  4996 | D:4      | Reached XP level 8. HP: 50/51 MP: 11/11
  5017 | D:4      | Found a radiant altar of Vehumet.
  5252 | D:4      | Reached skill level 4 in Armour
  5462 | D:4      | Found a sparkling altar of Nemelex Xobeh.
  5556 | D:4      | Killed Ijyb
  5556 | D:4      | Reached skill level 8 in Earth Magic
  5809 | D:4      | Found a hazy altar of Hepliaklqana.
  6218 | D:4      | Fell from the grace of Ru
  6218 | D:4      | Became a worshipper of Hepliaklqana the Forgotten
  6486 | D:5      | Noticed Duvessa
  6490 | D:5      | Noticed Dowan
  6493 | D:5      | Banished Duvessa
  6498 | D:5      | Killed Dowan
  6498 | D:5      | Reached skill level 7 in Fighting
  7048 | D:6      | Reached skill level 9 in Earth Magic
  7615 | D:7      | Reached skill level 8 in Fighting
  7615 | D:7      | Reached XP level 9. HP: 53/53 MP: 12/12
  7642 | D:7      | Cast into level 1 of the Abyss (gnoll sergeant)
  7642 | Abyss:1  | Reached * piety under Hepliaklqana
  7676 | Abyss:1  | Noticed a worldbinder
  7707 | Abyss:1  | Noticed a cane toad
  8049 | Abyss:1  | Reached skill level 10 in Earth Magic
  8052 | Abyss:1  | HP: 15/54 [raiju/living lightning (4)]
  8053 | Abyss:1  | HP: 4/54 [raiju/living lightning (5)]
  8056 | Abyss:1  | HP: 1/54 [raiju (4)]
  8056 | Abyss:1  | Slain by a raiju

Vanquished Creatures
  A raiju (Abyss:1)
  Sigmund (D:2)
  3 bullfrogs
  Dowan (D:5)
  A water moccasin zombie (D:5)
  2 scorpions
  A howler monkey (D:4)
  A hound (D:6)
  3 jellies
  3 orc wizards
  An orc priest (D:6)
  A gnoll shaman (D:7)
  A centaur skeleton (D:4)
  Jessica (D:2)
  Ijyb (D:4)
  4 worker ants
  A hound skeleton (D:4)
  5 gnolls (D:7)
  7 adders
  A shadow imp (D:6)
  A white imp (D:6)
  2 ufetubi
  An ooze (D:4)
  An adder zombie (D:5)
  4 worms (D:2)
  6 leopard geckos
  20 orcs
  4 ball pythons
  A giant cockroach (D:3)
  5 goblins
  7 hobgoblins
  2 jackals (D:3)
  6 kobolds
  2 quokkas
  2 bats (D:3)
  2 frilled lizards (D:1)
  A jackal skeleton (D:3)
  A leopard gecko zombie (D:7)
  A quokka skeleton (D:3)
  A quokka zombie (D:6)
  10 rats
120 creatures vanquished.

Vanquished Creatures (collateral kills)
  A phantom (D:7)
  A scorpion (D:6)
  A quasit (Abyss:1)
  A leopard gecko skeleton (D:6)
4 creatures vanquished.

Vanquished Creatures (others)
  2 ancestors (Abyss:1)
  A lurking horror (Abyss:1)
3 creatures vanquished.

Grand Total: 127 creatures vanquished
